 Dungeon Crawl Stone Soup version 0.31.0 (webtiles) character file.

Game seed: 2570163512556021909

93263 apoch the Severer (level 15, -4/141 HPs)
             Began as a Minotaur Fighter on Jan 19, 2024.
             Was the Champion of Cheibriados.
             Blown up by an orb spider (32 damage)
             ... with an orb of destruction
             ... on level 4 of the Spider Nest.
             The game lasted 00:59:40 (18773 turns).

apoch the Severer (Minotaur Fighter)               Turns: 18773, Time: 00:59:41

Health: -4/141     AC: 22    Str: 47    XL:     15   Next: 60%
Magic:  22/22      EV: 23    Int: 23    God:    Cheibriados [******]
Gold:   1680       SH: 11    Dex: 26    Spells: 14/14 levels left

rFire   . . .        a - +0 broad axe (flame)
rCold   + + .        c - +1 buckler
rNeg    + . .        Q - +1 plate armour {rC+}
rPois   .            V - +1 hat
rElec   .            H - scarf of Grace {repulsion, rC+}
rCorr   .            R - +0 pair of gloves of a ziggurat {^Contam rN+ Str+5 Int+3}
SInv    .            r - +0 pair of boots
Will    ++...        y - amulet of regeneration Stlth
                     A - +5 ring of evasion
HPRegen 1.23/turn    L - ring of willpower
MPRegen 0.18/turn

%: repel missiles
@: very slow
A: horns 2, retaliatory headbutt
a: Renounce Religion, Bend Time, Temporal Distortion, Slouch, Step From Time


You were on level 4 of the Spider Nest.
You worshipped Cheibriados.
Cheibriados was exalted by your worship.
You visited 6 branches of the dungeon, and saw 23 of its levels.
You also visited: Bailey.

You collected 1738 gold pieces.
You spent 58 gold pieces at shops.

Inventory:

Hand Weapons
 a - a +0 broad axe of flaming (weapon)
 b - a +3 whip of venom
Missiles
 f - 52 poisoned darts
 n - 24 boomerangs (quivered)
 x - 90 stones
 I - a throwing net
 M - 2 curare-tipped darts
 N - 6 atropa-tipped darts
 W - 6 javelins
Armour
 c - a +1 buckler (worn)
 r - a +0 pair of boots (worn)
 H - the scarf of Grace (worn) {repulsion, rC+}
   (You acquired it on level 3 of the Spider Nest)

   rC+:       It protects you from cold.
 Q - a +1 plate armour of cold resistance (worn)
 R - the +0 pair of gloves of a ziggurat (worn) {^Contam rN+ Str+5 Int+3}
   (You found it in a bailey)

   Str+5:     It affects your strength (+5).
   Int+3:     It affects your intelligence (+3).
   rN+:       It protects you from negative energy.
   ^Contam:   It causes magical contamination when unequipped.
 V - a +1 hat (worn)
Jewellery
 y - an amulet of regeneration (around neck)
 A - a +5 ring of evasion (left hand)
 C - a ring of flight
 K - a ring of protection from cold
 L - a ring of willpower (right hand)
Wands
 h - a wand of polymorph (15)
 w - a wand of flame (35)
 G - a wand of paralysis (18)
 J - a wand of mindburst (15)
 S - a wand of acid (5)
 T - a wand of digging (6)
 U - a wand of iceblast (10)
Scrolls
 e - 2 scrolls of enchant armour
 g - 4 scrolls of blinking
 l - 3 scrolls of identify
 q - 10 scrolls of teleportation
 s - a scroll of enchant weapon
 t - 3 scrolls of revelation
 v - a scroll of silence
 B - 2 scrolls of immolation
 D - 3 scrolls of amnesia
 F - 4 scrolls of fog
 O - a scroll of poison
 Y - a scroll of summoning
 Z - 2 scrolls of fear
Potions
 d - 4 potions of might
 i - 2 potions of brilliance
 j - a potion of mutation
 k - 3 potions of enlightenment
 m - 3 potions of attraction
 o - 8 potions of curing
 p - 4 potions of heal wounds
 u - 5 potions of resistance
 z - 4 potions of cancellation
 E - 7 potions of lignification
 P - a potion of ambrosia
 X - a potion of berserk rage


   Skills:
 - Level 15.0 Fighting
 + Level 17.2 Axes
 - Level 15.0 Armour
 - Level 10.0 Dodging
 - Level 17.0 Shields
 + Level 10.8 Invocations
 - Level 3.0 Evocations


You had 14 spell levels left.
You didn't know any spells.
Your spell library contained the following spells:

 Spells                   Type           Power      Damage    Failure   Level
 Apportation              Tloc           0%         N/A       45%         1
 Foxfire                  Conj/Fire      0%         2x1d4     45%         1
 Freeze                   Ice            0%         1d3       45%         1
 Necrotise                Necr           0%         1d4       45%         1
 Sting                    Conj/Alch      0%         1d3       45%         1
 Summon Small Mammal      Summ           0%         N/A       45%         1
 Blink                    Tloc           0%         N/A       58%         2
 Call Imp                 Summ           0%         N/A       58%         2
 Lesser Beckoning         Tloc           0%         N/A       58%         2
 Momentum Strike          Conj/Tloc      0%         3d8       58%         2
 Scorch                   Fire           0%         2d5       58%         2
 Sublimation of Blood     Necr           0%         N/A       58%         2
 Frozen Ramparts          Ice            0%         1d1       83%         3
 Hailstorm                Conj/Ice       0%         3d5       83%         3
 Summon Ice Beast         Ice/Summ       0%         N/A       83%         3
 Flame Wave               Conj/Fire      0%         2d4       99%         4
 Vhi's Electric Charge    Tloc/Air       0%         N/A       99%         4
 Arcjolt                  Conj/Air       0%         1d10      100%        5
 Summon Mana Viper        Hex/Summ       0%         N/A       100%        5
 Plasma Beam              Fire/Air       0%         2x1d10    100%        6
 Starburst                Conj/Fire      0%         6d3       100%        6
 Summon Cactus Giant      Summ           0%         N/A       100%        6
 Monstrous Menagerie      Summ           0%         N/A       100%        7
 Summon Hydra             Summ           0%         N/A       100%        7


Dungeon Overview and Level Annotations

Branches:
Dungeon (11/15)            Temple (1/1) D:4            Lair (5/5) D:11
 Shoals (1/4) Lair:3       Spider (4/4) Lair:2        Slime (1/5) Lair:5
 Bailey (visited)
    Orc: D:9-12

Altars:
Ashenzari
Cheibriados
Dithmenos
Elyvilon
Fedhas
Gozag
Hepliaklqana
Kikubaaqudgha
Makhleb
Nemelex Xobeh
Okawaru
Qazlal
Ru
Sif Muna
Trog
Uskayaw
Vehumet
Wu Jian
Xom
Yredelemnul
Zin
The Shining One

Shops:
D:1 =   D:4 [   D:7 *[:


Innate Abilities, Weirdness & Mutations

You have a pair of horns on your head.
You reflexively headbutt those who attack you in melee.


Message History

A redback comes into view.
An orb of destruction comes into view.
You are no longer corroded.
A wolf spider comes into view.
A jumping spider comes into view.
You block the jumping spider's attack. The jumping spider barely misses you.
The jumping spider leaps!
The jumping spider completely misses you.
The jumping spider barely misses you. You block the jumping spider's attack.
The jumping spider bites you but does no damage.
The orb of destruction hits you!!!
* * * LOW HITPOINT WARNING * * *
The jumping spider closely misses you.
The jumping spider completely misses you.
A moth of wrath comes into view.
The jumping spider misses you. You furiously retaliate!
You headbutt the jumping spider!!
The jumping spider completely misses you.
The wolf spider's many legs skitter.
Unknown command.
Unknown command.
You feel better.
The orb spider pulsates with a strange energy.
The jumping spider leaps!
The jumping spider pounces on you.
* * * LOW HITPOINT WARNING * * *
You are caught in a web!
The jumping spider barely misses you.
The jumping spider leaps! x2
The jumping spider pounces on you but does no damage.
The jumping spider bites you but does no damage.
Unknown command.
Blink to where?
Press: ? - help, Dir - move target
Found 14 gold pieces.
As you read the scroll of blinking, it crumbles to dust.
You feel yourself speed up.
The jumping spider leaps!
The orb spider weaves a glowing orb of energy.
An orb of destruction comes into view.
There is a stone staircase leading up here.
The orb of destruction hits you!!
You die...

#.^.†..............
#..#..........##...
##.#........#...s.##
###.....#..#s○..#.##
##^...#.......^...#
#............s○...##
#^.....^#....#☼....###
###.^.^.......○......#
##.^^#^....#@.#....#
#^..###^.......#^.##
##..###..#...### ##
#...#......###
#...^......##
#.^........#
##.^^#....## #########


You could see a wolf spider, an orb spider and a jumping spider.

Vanquished Creatures
  Gastronok (D:11)
  Agnes (Spider:4)
  An emperor scorpion (Spider:3)
  A ghost moth (Spider:2)
  A spark wasp (Spider:3)
  4 entropy weavers
  3 hydras
  A catoblepas (Lair:1)
  An ogre mage (D:11)
  A jorogumo (Spider:3)
  A centaur warrior (D:11)
  A radroach (Spider:2)
  A two-headed ogre (D:8)
  7 boulder beetles
  3 death yaks (D:11)
  Urug (D:11)
  6 demonic crawlers
  Nergalle (D:11)
  3 skysharks
  2 pharaoh ants (Spider:3)
  Lodul (D:11)
  6 orb spiders
  4 steelbarb worms
  An orc knight (D:11)
  2 ugly things (D:11)
  A manticore (Lair:3)
  11 wolf spiders
  A deep elf pyromancer (D:11)
  2 moths of wrath (Spider:2)
  3 meliai (Spider:2)
  9 elephants
  13 cane toads
  2 gargoyles
  3 black mambas
  6 torpor snails
  A rime drake (Lair:5)
  An unseen horror (D:10)
  9 komodo dragons
  A wind drake (Lair:3)
  7 hornets
  12 tarantellas
  5 polar bears
  22 blink frogs
  12 dream sheep
  31 jumping spiders
  11 culicivoras
  13 spriggans (Lair:5)
  A wraith (D:11)
  4 wyverns
  49 yaks
  2 steam dragons
  A basilisk (Lair:1)
  23 redbacks
  An acid dragon (D:11)
  15 water moccasins
  10 orc warriors
  2 ice beasts
  A sky beast (D:6)
  5 black bears
  11 ogres
  4 boggarts (Lair:5)
  7 centaurs
  16 wolves (Lair:5)
  2 phantoms
  8 kobold brigands
  12 bullfrogs
  2 gnoll sergeants
  6 scorpions
  4 wights (D:7)
  8 killer bees
  4 howler monkeys
  2 electric eels
  4 hounds
  9 orc priests
  A bombardier beetle (D:4)
  A jelly (D:8)
  A sleepcap (D:5)
  Natasha (thrice) (D:4)
  6 iguanas
  10 orc wizards
  10 hell rats
  12 gnolls
  5 adders
  A river rat (D:11)
  3 white imps
  2 ufetubi (D:7)
  2 ribbon worms (Lair:2)
  3 dart slugs
  50 orcs
  3 bats
  10 endoplasms
  5 giant cockroaches
  7 goblins
  7 hobgoblins
  10 jackals
  3 quokkas
  8 ball pythons
  2 frilled lizards
  32 kobolds
  11 rats
652 creatures vanquished.

Notes
Turn   | Place    | Note
-------+----------+-------------------------------------------
     0 | D:1      | apoch the Minotaur Fighter began the quest for the Orb.
     0 | D:1      | Reached XP level 1. HP: 19/19 MP: 0/0
   147 | D:1      | Reached XP level 2. HP: 27/27 MP: 1/1
   244 | D:1      | Found Rauriebe's Jewellery Shop.
   503 | D:1      | Reached XP level 3. HP: 27/33 MP: 2/2
  1365 | D:3      | Reached XP level 4. HP: 38/41 MP: 3/3
  1405 | D:3      | Reached skill level 5 in Fighting
  1501 | D:3      | Reached skill level 5 in Armour
  1501 | D:3      | Reached XP level 5. HP: 39/48 MP: 4/4
  1658 | D:3      | Reached skill level 5 in Axes
  2049 | D:4      | Found Humaq's Armour Boutique.
  2103 | D:4      | Noticed a phantom
  2107 | D:4      | Reached XP level 6. HP: 41/56 MP: 5/5
  2258 | D:4      | Found a staircase to the Ecumenical Temple.
  2272 | Temple   | Found a transporter.
  2272 | Temple   | Found a transporter.
  2272 | Temple   | Found a transporter.
  2272 | Temple   | Found a transporter.
  2272 | Temple   | Entered the Ecumenical Temple
  2294 | Temple   | Became a worshipper of Cheibriados the Contemplative
  2359 | D:4      | Noticed Natasha
  2369 | D:4      | Killed Natasha
  2397 | D:4      | Reached XP level 7. HP: 43/61 MP: 6/6
  2807 | D:4      | Reached * piety under Cheibriados
  2937 | D:4      | Noticed Natasha
  2948 | D:4      | Killed Natasha
  3017 | D:4      | Noticed Natasha
  3022 | D:4      | Killed Natasha
  3309 | D:5      | Entered Level 5 of the Dungeon
  3419 | D:5      | Reached skill level 10 in Axes
  3487 | D:5      | Reached XP level 8. HP: 70/70 MP: 7/7
  3502 | D:5      | Found an ancient bone altar of Kikubaaqudgha.
  3640 | D:5      | Reached ** piety under Cheibriados
  3716 | D:5      | Found a shadowy altar of Dithmenos.
  3717 | D:5      | Found a stormy altar of Qazlal.
  3717 | D:5      | Found an ornate altar of the Wu Jian Council.
  4807 | D:6      | Reached skill level 10 in Fighting
  4812 | D:6      | Reached XP level 9. HP: 68/85 MP: 4/8
  5012 | D:7      | Reached *** piety under Cheibriados
  5122 | D:7      | Found Vyuruam's Book Emporium.
  5335 | D:7      | Found Olox's Antique Armour Emporium.
  5700 | D:7      | Found Juna's Assorted Antiques.
  5715 | D:7      | Bought a scroll labelled KENLIOS GOYTIRR for 29 gold pieces
  5715 | D:7      | Bought a scroll labelled VUTHRA WIFIOF for 29 gold pieces
  6343 | D:8      | Noticed a two-headed ogre
  6347 | D:8      | Killed a two-headed ogre
  6387 | D:8      | Found a glowing golden altar of the Shining One.
  6440 | D:8      | Reached **** piety under Cheibriados
  6562 | D:8      | Reached XP level 10. HP: 75/93 MP: 9/11
  6978 | D:9      | Paralysed by a centaur for 4 turns
  7152 | D:9      | Reached skill level 10 in Armour
  7249 | D:9      | Identified the +11 quarterstaff of Xom's Benevolence
                  | {freeze, rCorr Str+3}
  7298 | D:9      | Found a shimmering altar of Xom.
  7385 | D:9      | Reached skill level 5 in Dodging
  7390 | D:9      | Reached ***** piety under Cheibriados
  7570 | D:9      | Found an iron altar of Okawaru.
  7574 | D:9      | Reached skill level 5 in Invocations
  7846 | D:9      | Noticed a gargoyle
  7859 | D:9      | Killed a gargoyle
  8141 | D:10     | Entered Level 10 of the Dungeon
  8152 | D:10     | Found a flagged portal.
  8159 | Bailey   | Entered a bailey
  8419 | Bailey   | Found a burning altar of Makhleb.
  8435 | Bailey   | Identified the +0 pair of gloves of a ziggurat {^Contam rN+
                  | Str+5 Int+3}
  8921 | D:10     | Reached XP level 11. HP: 93/99 MP: 14/14
  9458 | D:11     | Noticed a purple ugly thing
  9467 | D:11     | Killed a purple ugly thing
  9530 | D:11     | Noticed a boulder beetle
  9545 | D:11     | Killed a boulder beetle
  9560 | D:11     | Noticed Gastronok
  9566 | D:11     | Noticed Urug
  9569 | D:11     | Killed Gastronok
  9576 | D:11     | Killed Urug
  9716 | D:11     | Found a staircase to the Lair.
  9716 | D:11     | Noticed a death yak
  9716 | D:11     | Noticed a death yak
  9717 | D:11     | Noticed a death yak
  9731 | D:11     | Killed a death yak
  9740 | D:11     | Killed a death yak
  9743 | D:11     | Killed a death yak
  9873 | D:11     | Noticed a centaur warrior
  9873 | D:11     | Noticed an orc knight
  9893 | D:11     | Noticed a cyan ugly thing
  9902 | D:11     | Killed a cyan ugly thing
  9903 | D:11     | Reached skill level 10 in Dodging
  9947 | D:11     | Killed a centaur warrior
 10077 | D:11     | Noticed a deep elf pyromancer
 10082 | D:11     | Killed a deep elf pyromancer
 10143 | D:11     | Noticed an ogre mage
 10149 | D:11     | Killed an ogre mage
 10220 | D:11     | Noticed Nergalle
 10220 | D:11     | Noticed Lodul
 10223 | D:11     | Reached XP level 12. HP: 106/106 MP: 7/18
 10226 | D:11     | Killed Nergalle
 10227 | D:11     | Reached skill level 10 in Invocations
 10229 | D:11     | Killed Lodul
 10506 | Lair:1   | Entered Level 1 of the Lair of Beasts
 10564 | Lair:1   | You fall into a shaft and drop 1 floor!
 10575 | Lair:1   | Found a burning altar of Makhleb.
 10739 | Lair:1   | Noticed a catoblepas
 10982 | Lair:1   | Reached skill level 5 in Shields
 11015 | Lair:1   | Killed a catoblepas
 11016 | Lair:1   | Reached skill level 15 in Axes
 11318 | Lair:1   | Reached XP level 13. HP: 114/114 MP: 19/19
 11917 | Lair:2   | Found a hole to the Spider Nest.
 11926 | Spider:1 | Entered Level 1 of the Spider Nest
 11937 | Spider:1 | Reached skill level 10 in Shields
 12160 | Spider:1 | Reached ****** piety under Cheibriados
 12938 | Lair:3   | Found a staircase to the Shoals.
 12959 | Shoals:1 | Entered Level 1 of the Shoals
 14233 | Lair:4   | Reached skill level 15 in Shields
 14352 | Lair:4   | Reached XP level 14. HP: 130/130 MP: 20/20
 14804 | Lair:5   | Entered Level 5 of the Lair of Beasts
 14987 | Lair:5   | Found a staircase to the Slime Pits.
 15274 | Lair:5   | Paralysed by a hornet for 2 turns
 15347 | Lair:5   | Reached skill level 15 in Fighting
 15764 | Slime:1  | Entered Level 1 of the Pits of Slime
 15764 | Slime:1  | Noticed an acid blob
 16828 | Spider:2 | Identified the +7 trident "Ulofrec" {distort, rN+ Dex+5
                  | Stlth+}
 16869 | Spider:2 | Killed a ghost moth
 17024 | Spider:2 | Reached XP level 15. HP: 141/141 MP: 21/21
 17746 | Spider:3 | Noticed an emperor scorpion
 17757 | Spider:3 | Killed an emperor scorpion
 18054 | Spider:3 | Identified a scroll of acquirement
 18054 | Spider:3 | Acquired the scarf of Grace {repulsion, rC+}
 18107 | Spider:3 | Reached skill level 15 in Armour
 18694 | Spider:4 | Entered Level 4 of the Spider Nest
 18757 | Spider:4 | Noticed Agnes
 18761 | Spider:4 | Killed Agnes
 18773 | Spider:4 | Blown up by an orb spider

Illustrated notes

Levels and vault maps discovered:
D:1:      ncdulo_wetmaze, layout_basic, serial_shops, shop
D:2:      layout_rooms
D:3:      layout_basic
D:4:      layout_loops_ring, minmay_temple_entry_tees, serial_shops, shop,
          serial_rivers, chequers_serial_rivers_small_a,
          chequers_serial_rivers_room_a, chequers_serial_rivers_micro_c,
          chequers_serial_rivers_micro_a, chequers_serial_rivers_marsh,
          chequers_serial_rivers_room_a, uniq_natasha
D:5:      layout_rooms, chequers_temple_overflow_statue_of_worship,
          kiku_gazebo_garden_becter
D:6:      layout_gridville
D:7:      layout_rooms, serial_shops, shop_fountains, shop,
          nicolae_shop_rolling_square
D:8:      layout_loops_cross, mainiacjoe_overflow_surrounded_room
D:9:      layout_loops_cross, okawaru_trees_1, old_standard_altar,
          serial_co_window_serial, co_window_paths_a, co_window_corner_a,
          co_window_of_opportunity_a, co_window_of_opportunity_a,
          co_window_paths_b, co_window_corner_cb, co_window_paths_c,
          co_window_unsneaky_path_e, co_window_broadway_b, glass_columns_c,
          glass_columns_a, grunt_decor_mini_mirrors
D:10:     layout_irregular_city, enter_bailey_2
D:11:     layout_roguey, dpeg_lair_monsters, grunt_tough_drop, uniq_urug,
          uniq_nergalle, uniq_lodul, uniq_gastronok
Temple:   hellmonk_temple_divided_pantheon
Lair:1:   layout_loops_ring, basic_altar, nicolae_lair_grazing_beasts
          [nicolae_sub_lair_graze_edge, nicolae_sub_lair_graze_edge,
          nicolae_sub_lair_graze_edge, nicolae_sub_lair_graze_edge]
Lair:2:   hellmonk_ruined_rings, layout_misc_corridors,
          nicolae_spider_entry_non_spiders
Lair:3:   wander_river, layout_regular_city, minmay_shoals_entry_beasts,
          serial_bayou_shore_b, grunt_megastairs_3
Lair:4:   beargit_carnivore_pack, layout_hall_layers, minivault_26,
          nicolae_quartered_pool_medium
Lair:5:   minmay_lair_end_enchanted_forest, layout_hall_layers, slime_entry_1
Shoals:1: layout_shoals
Spider:1: nicolae_spider_jumping_over_cracks
          [nicolae_spider_jumping_sub_shuffled,
          nicolae_spider_jumping_sub_plain, nicolae_spider_jumping_sub_lanes,
          nicolae_spider_jumping_sub_moat], nicolae_spider_rock_and_or_roll
Spider:2: layout_spider_delve, nicolae_spider_twisty_arc_passages
Spider:3: layout_spider_delve, hangedman_spider_tarantella_strand
Spider:4: guppyfry_spider_rune, uniq_agnes
Slime:1:  cheibrodos_slime_lost_civilization_8, layout_caves

Skill      XL: |  1  2  3  4  5  6  7  8  9 10 11 12 13 14 15 |
---------------+----------------------------------------------+-----
Fighting       | 4 5 6 10 13 15 | 15.0
Armour         | 4 5 9 10 13 15 | 15.0
Axes           | 3 4 6 8 10 15 17 | 17.2
Dodging        | 3 7 10 | 10.0
Invocations    | 2 6 9 10 | 10.8
Evocations     | 2 3 |  3.0
Shields        | 8 15 17 | 17.0

Action                     |  1- 3 |  4- 6 |  7- 9 | 10-12 | 13-15 || total
---------------------------+-------+-------+-------+-------+-------++-------
  Melee: War axe           |    40 |       |       |       |       ||    40
         Headbutt          |     9 |    15 |    65 |   132 |   192 ||   413
         Whip              |    49 |   109 |   281 |   188 |    15 ||   642
         Broad axe         |       |       |       |   283 |   643 ||   926
  Throw: Stone             |    27 |    11 |     6 |       |       ||    44
         Boomerang         |       |       |    18 |    16 |   140 ||   174
 Invoke: Bend Time         |       |       |     1 |       |       ||     1
         Slouch            |       |       |       |     6 |     3 ||     9
    Use: Scroll            |     9 |     2 |    10 |     5 |     6 ||    32
         Potion            |       |       |     1 |       |     3 ||     4
 Armour: Scale mail        |    44 |       |       |       |       ||    44
         Chain mail        |     1 |    56 |   235 |    95 |       ||   387
         Plate armour      |       |       |       |   201 |   473 ||   674
  Dodge: Dodged            |    33 |    22 |   128 |   249 |   596 ||  1028
         Repelled          |       |       |       |       |     1 ||     1
  Block: Buckler           |    21 |    13 |    84 |   242 |   481 ||   841
         Reflection        |       |       |       |     2 |       ||     2
